 Dungeon Crawl Stone Soup version 0.30-a0-142-g7370640ec8 (webtiles) character file.

Game seed: 13530304777100495116

578 qw the Chopper (level 7, -8/43 HPs)
             Began as a Gargoyle Fighter on Sept 26, 2022.
             Killed from afar by an acid dragon (21 damage)
             ... with a splash of acid
             ... on level 4 of the Dungeon.
             The game lasted 00:01:29 (4641 turns).

qw the Chopper (Gargoyle Fighter)                   Turns: 4641, Time: 00:01:29

Health: -8/43      AC: 13    Str: 24    XL:     7   Next: 35%
Magic:  7/7        EV:  8    Int:  8    God:
Gold:   232        SH:  4    Dex:  7    Spells: 6/6 levels left

rFire   . . .      SeeInvis +    b - +8 war axe "Maehoit" {vorpal, Str+2 Dex-2 SInv}
rCold   . . .      Faith    .    c - +0 buckler
rNeg    + . .      Spirit   .    q - +0 chain mail
rPois   inf        Reflect  .    (no helmet)
rElec   +          Harm     .    (no cloak)
rCorr   .          Rampage  .    (no gloves)
Will    .....                    (no boots)
Stlth   ..........               (no amulet)
HPRegen 0.14/turn                (no ring)
MPRegen 0.10/turn                (no ring)

@: no status effects
A: sickness immunity, AC +4, negative energy resistance 1, electricity
resistance, torment resistance 1, petrification resistance
a: no special abilities


You were on level 4 of the Dungeon.
You visited 1 branch of the dungeon, and saw 4 of its levels.

You collected 232 gold pieces.


Innate Abilities, Weirdness & Mutations

You are immune to sickness and miasma.
Your stone body is resilient. (AC +4)
You are immune to poison.
You resist negative energy. (rN+)
You are resistant to electric shocks. (rElec)
You are resistant to unholy torment.
You are immune to petrification.


   Skills:
 - Level 4.0 Fighting
 + Level 6.3 Axes
 - Level 1.0 Throwing
 - Level 3.2 Armour
 - Level 1.8 Dodging
 - Level 3.2 Shields


You had 6 spell levels left.
You didn't know any spells.
Your spell library was empty.

Inventory:

Hand Weapons
 b - the +8 war axe "Maehoit" (weapon) {vorpal, Str+2 Dex-2 SInv}
   (You took it off a gnoll on level 4 of the Dungeon)

   It inflicts extra damage upon your enemies.
   Str:       It affects your strength (+2).
   Dex:       It affects your dexterity (-2).
   SInv:      It lets you see invisible.
 l - a +0 flail
Missiles
 m - a boomerang
 r - a javelin (quivered)
Armour
 c - a +0 buckler (worn)
 q - a +0 chain mail (worn)
Potions
 a - a potion of mutation {unknown}
 d - a potion of might
 f - 3 potions of heal wounds
 h - a potion of attraction {unknown}
 i - a potion of degeneration {unknown}
 j - a potion of flight {unknown}
 k - a potion of lignification {unknown}
 o - a potion of invisibility {unknown}
 p - a potion of cancellation {unknown}

Dungeon Overview and Level Annotations

Branches:
Dungeon (4/15)
 Temple: D:4-7

Altars:

Shops:
D:1 :


Message History

4623 ||| DROPPING +3 scale mail.
You drop a +3 scale mail.
Found a scroll labelled SYTINE WUEDA and 10 gold pieces.
A quokka is nearby!
4625 ||| READING scroll labelled HUOTAPNAMANN.
As you read the scroll labelled HUOTAPNAMANN, it crumbles to dust.
The air around you briefly surges with heat, but it dissipates.
It was a scroll of immolation.
A quokka is nearby!
4626 ||| READING scroll labelled JAES NANABBAO.
Blink to where?
Press: ? - help, Dir - move target, f - you Are you sure you want to cancel this blink?
As you read the scroll labelled JAES NANABBAO, it crumbles to dust.
It was a scroll of blinking.
A quokka is nearby!
A quokka is nearby!
4627 ||| Stepping randomly (stuck).
A quokka is nearby!
A quokka is nearby!
4628 ||| Stepping randomly (stuck).
r - a javelin You see here a +0 long sword.
The acid dragon spits acid at you. The splash of acid hits you!
4635 ||| Stepping ~*~*~tactically~*~*~ (hiding).
You see here a +0 long sword.
4636 ||| Stepping ~*~*~tactically~*~*~ (hiding).
You start resting.
An acid dragon is nearby!
The acid dragon spits acid at you. The splash of acid hits you!
You see here a +0 long sword.
You slash the acid dragon!
The acid dragon is severely wounded.
The acid dragon bites you! You block the acid dragon's attack.
You completely miss the acid dragon.
The acid dragon is severely wounded.
The acid dragon spits acid at you. The splash of acid hits you!!
You die...

.......#..#.######......#########
.......##.#.# #........#.......=
..>......>..####'#......#.######.
............#....########<# #.
.######.....#.88.###....### #. .#
#.....#.88.#..####.# #. .#
#.....#....)..# #.# #. .#
#.....######### #.# #.
.######.....# ##@...####.# #.
............# #D####...[## #.
#...........# #.# ###### #.
#...........# #.# #r?# #.
#...........# #.# #!$# ##
#...........####. .###
#..............#. .
#########......## ## ########


You could see an acid dragon (catching breath).

Vanquished Creatures
  A phantom (D:3)
  A necrophage (D:4)
  2 howler monkeys (D:3)
  A hound (D:4)
  Jessica (D:2)
  Natasha (twice) (D:4)
  An iguana (D:4)
  5 adders
  11 gnolls
  A worm (D:3)
  A dart slug (D:2)
  9 orcs
  7 ball pythons
  3 bats (D:2)
  7 endoplasms
  2 giant cockroaches
  7 hobgoblins
  2 jackals (D:4)
  4 kobolds
  4 quokkas
  2 frilled lizards
  10 goblins
  4 rats
88 creatures vanquished.

Vanquished Creatures (others)
  16 plants (D:4)
16 creatures vanquished.

Grand Total: 104 creatures vanquished

Notes
Turn   | Place    | Note
-------+----------+-------------------------------------------
     0 | D:1      | qw the Gargoyle Fighter began the quest for the Orb.
     0 | D:1      | Reached XP level 1. HP: 14/14 MP: 1/1
     0 | D:1      | 0 ||| qw: Version: 0.2-a-10-g399e6c4
     0 | D:1      | 0 ||| qw: Game counter: 474
     0 | D:1      | 0 ||| qw: Always use a shield: true
     0 | D:1      | 0 ||| qw: God list: Okawaru
     0 | D:1      | 0 ||| qw: Allow faded altars: false
     0 | D:1      | 0 ||| qw: Do Orc after D:15 true
     0 | D:1      | 0 ||| qw: Do second Lair branch before Depths: true
     0 | D:1      | 0 ||| qw: Lair rune preference: random
     0 | D:1      | 0 ||| qw: Plans: Normal, Zot:1-4, God:TSO, Crypt, Tomb,
                  | Pan, Slime:5, Hells, Abyss, Orb
     0 | D:1      | 0 ||| PLANNING D:1-11
    47 | D:1      | Found Bupta's Book Shoppe.
    68 | D:1      | Reached skill level 2 in Axes
   439 | D:1      | Reached XP level 2. HP: 17/19 MP: 2/2
   980 | D:1      | 980 ||| DRINKING 4 amethyst potions.
  1037 | D:2      | 1037 ||| Stepping ~*~*~tactically~*~*~ (stealth).
  1048 | D:2      | Reached skill level 3 in Axes
  1070 | D:2      | 1070 ||| Stepping ~*~*~tactically~*~*~ (stealth).
  1080 | D:2      | Reached XP level 3. HP: 23/23 MP: 3/3
  1088 | D:2      | Noticed Jessica
  1096 | D:2      | Reached skill level 1 in Throwing
  1100 | D:2      | Killed Jessica
  1101 | D:2      | Reached XP level 4. HP: 17/28 MP: 4/4
  1162 | D:2      | 1162 ||| Stepping ~*~*~tactically~*~*~ (stealth).
  1231 | D:2      | 1231 ||| DROPPING +0 club.
  1319 | D:2      | Found a faded altar of an unknown god.
  1519 | D:2      | Reached skill level 4 in Axes
  1762 | D:2      | 1762 ||| READING scroll labelled EMMAEDAARR.
  1763 | D:2      | 1763 ||| READING scroll labelled REGAIL XAGECOD.
  1968 | D:3      | 1968 ||| Stepping ~*~*~tactically~*~*~ (stealth).
  1969 | D:3      | 1969 ||| Stepping ~*~*~tactically~*~*~ (stealth).
  1970 | D:3      | 1970 ||| Stepping ~*~*~tactically~*~*~ (stealth).
  1977 | D:3      | Reached XP level 5. HP: 27/32 MP: 5/5
  1995 | D:3      | Reached skill level 5 in Axes
  2390 | D:3      | 2390 ||| Stepping ~*~*~tactically~*~*~ (hiding).
  2391 | D:3      | 2391 ||| Stepping ~*~*~tactically~*~*~ (hiding).
  2392 | D:3      | 2392 ||| Stepping ~*~*~tactically~*~*~ (hiding).
  2405 | D:3      | Reached XP level 6. HP: 27/38 MP: 6/6
  2704 | D:3      | Reached skill level 1 in Dodging
  3109 | D:3      | 3109 ||| UPGRADING to +3 scale mail.
  3119 | D:3      | 3119 ||| DROPPING +0 scale mail.
  3120 | D:3      | 3120 ||| READING scroll labelled UCADOT CYLOROR.
  3121 | D:3      | 3121 ||| READING scroll labelled IDWEEC OXAMU.
  3122 | D:3      | 3122 ||| DRINKING 2 sedimented sapphire potions.
  3223 | D:3      | 3223 ||| DROPPING potion of ambrosia.
  3490 | D:4      | Noticed Natasha
  3497 | D:4      | Killed Natasha
  3701 | D:4      | 3701 ||| Stepping ~*~*~tactically~*~*~ (stealth).
  3702 | D:4      | 3702 ||| Stepping ~*~*~tactically~*~*~ (stealth).
  3705 | D:4      | 3705 ||| Stepping ~*~*~tactically~*~*~ (hiding).
  3720 | D:4      | Identified the +8 war axe "Maehoit" {vorpal, Str+2 Dex-2
                  | SInv}
  3726 | D:4      | 3726 ||| FLEEEEING.
  3728 | D:4      | 3728 ||| FLEEEEING.
  3729 | D:4      | 3729 ||| FLEEEEING.
  3730 | D:4      | 3730 ||| FLEEEEING.
  3731 | D:4      | 3731 ||| FLEEEEING.
  3732 | D:4      | 3732 ||| FLEEEEING.
  3733 | D:4      | 3733 ||| FLEEEEING.
  3734 | D:4      | 3734 ||| FLEEEEING.
  3735 | D:4      | 3735 ||| FLEEEEING.
  3736 | D:4      | 3736 ||| FLEEEEING.
  3737 | D:4      | 3737 ||| FLEEEEING.
  3738 | D:4      | 3738 ||| FLEEEEING.
  3739 | D:4      | 3739 ||| FLEEEEING.
  3741 | D:4      | 3741 ||| STAIRDANCE
  3922 | D:3      | 3922 ||| READING scroll labelled JANEMAVIEDD.
  3923 | D:3      | 3923 ||| READING scroll labelled COIREJ RASAEDD.
  3924 | D:3      | 3924 ||| READING scroll labelled XIEGYI KEKEHU.
  3989 | D:3      | 3989 ||| DRINKING 2 puce potions.
  4094 | D:3      | 4094 ||| DROPPING potion of berserk rage.
  4101 | D:4      | 4101 ||| STAIRDANCE
  4211 | D:4      | 4211 ||| SWAPPING to +8 war axe "Maehoit" {vorpal, Str+2
                  | Dex-2 SInv}.
  4212 | D:4      | 4212 ||| DROPPING +0 war axe of freezing.
  4218 | D:4      | Noticed Natasha
  4237 | D:4      | Reached XP level 7. HP: 25/43 MP: 7/7
  4241 | D:4      | Killed Natasha
  4242 | D:4      | Reached skill level 6 in Axes
  4292 | D:4      | 4292 ||| FLEEEEING.
  4294 | D:4      | 4294 ||| FLEEEEING.
  4295 | D:4      | 4295 ||| FLEEEEING.
  4300 | D:4      | 4300 ||| STAIRDANCE
  4613 | D:4      | 4613 ||| UPGRADING to +0 chain mail.
  4623 | D:4      | 4623 ||| DROPPING +3 scale mail.
  4625 | D:4      | 4625 ||| READING scroll labelled HUOTAPNAMANN.
  4626 | D:4      | 4626 ||| READING scroll labelled JAES NANABBAO.
  4627 | D:4      | 4627 ||| Stepping randomly (stuck).
  4628 | D:4      | 4628 ||| Stepping randomly (stuck).
  4635 | D:4      | 4635 ||| Stepping ~*~*~tactically~*~*~ (hiding).
  4636 | D:4      | 4636 ||| Stepping ~*~*~tactically~*~*~ (hiding).
  4641 | D:4      | Killed from afar by an acid dragon

Levels and vault maps discovered:
D:1:      reono_arrival_forest_river, layout_basic, serial_shops,
          nicolae_shop_hallway_stairs
D:2:      layout_basic, hellmonk_ecumenical_altar_leap_of_faith,
          minmay_misc_feat_secret_circle, mrwooster_statue_mirror, uniq_jessica,
          uniq_crazy_yiuf_cottage
D:3:      layout_basic, serial_rivers, chequers_serial_rivers_room_a,
          chequers_serial_rivers_small_a, chequers_serial_rivers_micro_d,
          chequers_serial_rivers_micro_d
D:4:      minmay_chambers_of_fours, layout_basic, nicolae_grassy_gnolls,
          uniq_natasha

Skill      XL: |  1  2  3  4  5  6  7 |
---------------+----------------------+-----
Axes           | 2 3 4 5 6 |  6.3
Throwing       | 1 |  1.0
Fighting       | 4 |  4.0
Dodging        | 1 |  1.8
Armour         | |  3.2
Shields        | |  3.2

Action                   |  1- 3 |  4- 6 |  7- 9 || total
-------------------------+-------+-------+-------++-------
Melee: War axe           |    53 |   173 |    28 ||   254
Throw: Javelin           |     6 |    19 |     3 ||    28
       Boomerang         |       |    13 |     2 ||    15
  Use: Potion            |     1 |     2 |       ||     3
       Scroll            |       |     7 |     2 ||     9
Armor: Scale mail        |    22 |    87 |    14 ||   123
Dodge: Dodged            |    27 |    88 |    12 ||   127
Block: Buckler           |    11 |    30 |     4 ||    45

Table legend:
 A = Non-vault XP
 B = Vault XP
 C = Vault XP percentage of total XP
 D = Non-vault monster count
 E = Vault monster count
 F = Vault count percentage of total count
                 A         B        C        D         E       F
            +---------+---------+-------+---------+---------+-------
      Total |     702 |     124 |  15.0 |      80 |       8 |   9.1
            +---------+---------+-------+---------+---------+-------
        D:1 |      24 |       0 |   0.0 |      14 |       0 |   0.0
        D:2 |      81 |      37 |  31.4 |      24 |       1 |   4.0
        D:3 |     314 |       0 |   0.0 |      20 |       0 |   0.0
        D:4 |     283 |      87 |  23.5 |      22 |       7 |  24.1
            +---------+---------+-------+---------+---------+-------
